 Dungeon Crawl Stone Soup version 0.31-a0-355-g57cb03d3e8 (webtiles) character file.

Game seed: 12794858696498928915

229 Zeldest the Ruffian (level 6, -2/29 HPs)
             Began as a Vine Stalker Shapeshifter on July 24, 2023.
             Was an Initiate of Makhleb.
             Slain by an orc
             ... wielding a +2 heavy morningstar
              (14 damage)
             ... on level 4 of the Dungeon.
             The game lasted 00:04:22 (2905 turns).

Zeldest the Ruffian (Vine Stalker Shapeshifter)     Turns: 2905, Time: 00:04:23

Health: -2/29      AC:  5    Str: 17    XL:     6   Next: 3%
Magic:  0/7        EV: 11    Int: 10    God:    Makhleb [......]
Gold:   157        SH:  0    Dex: 15    Spells: 5/5 levels left

rFire   . .          .
                       - Unarmed
rCold   . . .        (no shield)
rNeg    . . .        k - +0 ring mail
rPois   .            (helmet currently unavailable)
rElec   .            (cloak currently unavailable)
rCorr   .            (gloves currently unavailable)
SInv    .            (boots currently unavailable)
Will    .....        (no amulet)
Stlth   +            e - ring of wizardry
HPRegen 1.04/turn    (no ring)
MPRegen 0.10/turn

%: guardian spirit, wizardry (x1)
@: beast-form
A: beast (slay +3), fangs 2, regeneration 1, magic shield, antimagic bite, no
potion heal 2
a: Begin Untransformation, Renounce Religion


You were on level 4 of the Dungeon.
You worshipped Makhleb.
Makhleb was noncommittal.
You were a hulking beast.
You visited 1 branch of the dungeon, and saw 4 of its levels.

You collected 157 gold pieces.

Inventory:

Missiles
 n - a throwing net
Armour
 k - a +0 ring mail (worn)
Jewellery
 e - a ring of wizardry (left hand)
 p - a ring of ice
Talismans
 c - a beast talisman
Scrolls
 a - 2 scrolls of immolation {unknown}
 d - 2 scrolls of teleportation {unknown}
 f - 3 scrolls of identify {unknown}
 i - a scroll of fog {unknown}
 j - a scroll of vulnerability {unknown}
 l - a scroll of noise {unknown}
Potions
 b - a potion of lignification
 g - a potion of ambrosia {unknown}
 h - 3 potions of curing {unknown}
 m - 2 potions of haste {unknown}
 o - a potion of magic {unknown}


   Skills:
 - Level 0.8 Fighting
 - Level 1.5 Dodging
 + Level 5.0 Unarmed Combat
 + Level 4.5 Shapeshifting


You had 5 spell levels left.
You didn't know any spells.
Your spell library was empty.

Dungeon Overview and Level Annotations

Branches:
Dungeon (4/15) Zot: 21106
 Temple: D:4-7

Altars:
Elyvilon
Hepliaklqana
Makhleb
Sif Muna
Trog

Shops:
D:1 :   D:3 :   D:4 !


Innate Abilities, Weirdness & Mutations

You are a hulking beast.
Your limbs bulge with bestial killing power. (Slay +3)
You have extremely sharp teeth.
Your natural rate of healing is unusually fast.
When hurt, damage is shared between your health and your magic reserves.
Your bite disrupts and absorbs the magic of your enemies.
Potions cannot restore your health.


Message History

Makhleb accepts your kill.
You hear some strange, mumbled words.
A puff of flame appears from out of thin air!
The puff of flame hits you.
You hit the orc but do no damage. Your bite misses the orc. You hit something.
You completely miss something.
You hear some strange, mumbled words.
A magic dart appears from out of thin air!
The magic dart hits you!
You hit something. Your punch misses something. You bite something.
Makhleb accepts your kill.
Reactivating autopickup.
You feel a bit more experienced.
Your Unarmed Combat skill increases to level 5!
You have reached level 6!
You punch the ball python!
You kill the ball python!
Makhleb accepts your kill.
You hit the orc.
The orc is heavily wounded.
The orc hits you with a +0 dagger.
You hit the orc. You bite the orc, but do no damage.
The orc is heavily wounded.
The orc hits you but does no damage.
You hit the orc.
You kill the orc!
Makhleb accepts your kill.
You hit the orc. Your bite misses the orc.
The orc is lightly wounded.
The orc hits you with a +2 heavy morningstar!
You hit the orc but do no damage. You bite the orc, but do no damage.
The orc is lightly wounded.
The orc hits you with a +2 heavy morningstar.
You hit the orc. You bite the orc, but do no damage.
The orc is moderately wounded.
You hit the orc. You bite the orc, but do no damage.
The orc is heavily wounded.
The orc hits you with a +2 heavy morningstar!
You die...

... ### ... ...######.###
............ ...........
..........# .
(.........#####....
.........ooh.......
..........#####.##.
##+#####∩.# #. ...####..#
... #........#####..####.
#....................
#...##...#####..#.......#..
######...#####..#.##.#..#..
#.......................


You could see 2 orcs.

Vanquished Creatures
  An orc priest (D:3)
  Natasha (D:3)
  An orc wizard (D:4)
  Robin (D:2)
  3 gnolls (D:3)
  2 adders
  2 dart slugs
  8 orcs
  8 endoplasms
  4 giant cockroaches
  8 hobgoblins
  3 jackals (D:2)
  6 kobolds
  2 quokkas
  5 ball pythons
  4 bats
  2 frilled lizards
  13 goblins
  4 rats (D:2)
78 creatures vanquished.

Notes
Turn   | Place    | Note
-------+----------+-------------------------------------------
     0 | D:1      | Zeldest the Vine Stalker Shapeshifter began the quest for
                  | the Orb.
     0 | D:1      | Reached XP level 1. HP: 9/9 MP: 2/2
   142 | D:1      | Found Musoleit's Book Shoppe.
   487 | D:1      | Reached XP level 2. HP: 14/14 MP: 3/3
  1043 | D:2      | Reached XP level 3. HP: 17/17 MP: 4/4
  1130 | D:2      | Found a faded altar of an unknown god.
  1354 | D:2      | Noticed Robin
  1389 | D:2      | Killed Robin
  1391 | D:2      | Gained mutation: Your natural rate of healing is unusually
                  | fast. [Vine Stalker growth]
  1391 | D:2      | Reached XP level 4. HP: 21/21 MP: 5/5
  1393 | D:2      | Reached skill level 4 in Unarmed Combat
  1946 | D:3      | Found Ewnelep's Book Shoppe.
  2098 | D:3      | Reached XP level 5. HP: 25/25 MP: 6/6
  2142 | D:3      | Found a hazy altar of Hepliaklqana.
  2147 | D:3      | Found a bloodstained altar of Trog.
  2150 | D:3      | Found a shimmering blue altar of Sif Muna.
  2150 | D:3      | Found a burning altar of Makhleb.
  2158 | D:3      | Found a white marble altar of Elyvilon.
  2160 | D:3      | Became a worshipper of Makhleb the Destroyer
  2520 | D:3      | Noticed Natasha
  2563 | D:3      | Killed Natasha
  2872 | D:4      | Found Xazivvoade's Distillery.
  2898 | D:4      | Reached skill level 5 in Unarmed Combat
  2898 | D:4      | Reached XP level 6. HP: 21/29 MP: 4/7
  2905 | D:4      | Slain by an orc

Illustrated notes

Levels and vault maps discovered:
D:1:      dpeg_arrival_circle_labyrinth_a, layout_loops_corners, serial_shops,
          shop
D:2:      layout_loops_ring, hellmonk_ecumenical_altar_arch_garden, uniq_robin
D:3:      layout_basic, nicolae_overflow_hallway_of_the_gods, serial_shops,
          nicolae_book_shop_shelving, uniq_natasha
D:4:      layout_basic, mainiacjoe_overflow_six_doors_small, serial_shops, shop,
          uniq_grinder, uniq_edmund

Skill      XL: |  1  2  3  4  5 |
---------------+----------------+-----
Unarmed Combat | 4 5 |  5.0
Shapeshifting  | 4 |  4.5
Fighting       | |  0.8
Dodging        | |  1.5

Action                     |  1- 3 |  4- 6 || total
---------------------------+-------+-------++-------
  Melee: Unarmed           |    77 |    93 ||   170
         Bite              |    17 |    19 ||    36
         Punch             |       |     2 ||     2
 Armour: Animal skin       |    15 |       ||    15
         Ring mail         |     3 |    20 ||    23
  Dodge: Dodged            |    46 |    49 ||    95

Table legend: (Time is in decaauts)
 A = Elapsed time spent in this place.
 B = Non-inter-level travel time spent in this place.
 C = Inter-level travel time spent in this place.
 D = Time resting spent in this place.
 E = Time spent auto-exploring this place.
 F = Levels seen in this place.
 G = Mean time per level.
                   A        B        C        D        E       F      G
               +--------+--------+--------+--------+--------+-----+--------+
         Total |   2892 |   2835 |     57 |    352 |   1889 |   4 |  723.0 |
       Dungeon |   2892 |   2835 |     57 |    352 |   1889 |   4 |  723.0 |
               +--------+--------+--------+--------+--------+-----+--------+

Top non-repeatable levels by time:
     D:1: 992 daAuts
     D:3: 931 daAuts
     D:2: 829 daAuts
     D:4: 139 daAuts
